Map: Deathaura LE

Players

Nina - Winner!

  • Race: Protoss Protoss
  • League: Grandmaster
  • Spawn Location: 5:00

Scarlett

  • Race: Zerg Zerg
  • League: Master
  • Spawn Location: 11:00

Event: DreamHack SC2 Masters 2020 Winter

VOD

Have the link to the VOD?

Description

Time

  • Played on: Oct. 28, 2020, 5:23 p.m.
  • Length: 10:26

All games in this series

Show
View Real Time Build Order
Export as new Build Order

Nina Protoss - Winner!

Build Orders: Oracle Opening 

Get SALT Encoding   

  12  0:00  Probe  
  13  0:13  Pylon  
  13  0:17  Probe  
  14  0:30  Probe (Chrono Boost)  
  15  0:36  Gateway  
  15  0:42  Probe (Chrono Boost)  
  16  0:48  Assimilator  
  16  0:50  Probe (Chrono Boost)  
  17  0:57  Probe  
  18  1:05  Pylon  
  18  1:10  Probe  
  19  1:22  Probe  
  19  1:23  Zealot (Chrono Boost)  
  22  1:26  Cybernetics Core  
  22  1:34  Probe  
  22  1:37  Assimilator  
  23  1:44  Zealot  
  23  1:46  Probe  
  26  1:56  Pylon  
  26  1:59  Probe  
  27  2:10  Adept (Chrono Boost)  
  27  2:15  Stargate  
  29  2:16  Probe  
  21  2:22  Warp Gate  
  30  2:26  Pylon  
  30  2:52  Nexus  
  30  3:02  Oracle (Chrono Boost)  
  30  3:05  Probe  
  34  3:17  Probe  
  37  3:25  Pylon  
  35  3:29  Probe  
  36  3:36  Oracle (Chrono Boost)  
  36  3:41  Adept, Probe  
  37  3:48  Gateway  
  38  3:56  Probe  
  39  4:05  Shield Battery  
  39  4:07  Oracle (Chrono Boost)  
  39  4:08  Probe  
  40  4:12  Probe  
  44  4:20  Probe  
  44  4:23  Sentry  
  47  4:25  Probe  
  47  4:28  Twilight Council  
  48  4:32  Probe  
  48  4:37  Probe  
  50  4:44  Probe  
  51  4:48  Sentry  
  53  4:53  Probe  
  53  4:58  Pylon  
  54  5:01  Shield Battery  
  54  5:03  Gateway  
  54  5:10  Resonating Glaives (Chrono Boost)  
  54  5:12  Gateway  
  54  5:14  Gateway  
  54  5:16  Probe x2  
  56  5:25  Robotics Facility  
  56  5:28  Gateway  
  56  5:29  Probe x2  
  56  5:33  Adept  
  60  5:37  Pylon  
  60  5:39  Pylon  
  60  5:41  Probe x2  
  62  5:52  Pylon  
  62  5:55  Pylon, Probe x2  
  62  5:56  Adept x2  
  68  6:01  Assimilator  
  68  6:04  Adept  
  68  6:07  Adept  
  68  6:10  Adept  
  68  6:11  Warp Prism (Chrono Boost)  
  76  6:18  Adept  
  76  6:20  Adept  
  80  6:26  Adept x2  
  80  6:30  Adept  
  80  6:32  Adept  
  88  6:36  Probe x2  
  90  6:44  Pylon  
  90  6:48  Probe  
  89  7:06  Adept x4  
  89  7:07  Nexus  
  89  7:20  Probe  
  88  7:25  Adept x2  
  88  7:26  Adept x4  
  98  7:42  Immortal  
  77  7:57  Probe  
  72  8:00  Sentry x2  
  72  8:01  Zealot x4  
  72  8:02  Probe  
  72  8:04  Blink  
  85  8:06  Pylon  
  85  8:09  Probe  
  86  8:18  Probe  
  86  8:19  Immortal (Chrono Boost)  
  85  8:21  Probe  
  85  8:22  Shield Battery  
  85  8:24  Assimilator  
  90  8:34  Stalker x2  
  90  8:35  Stalker  
  90  8:36  Probe x2  
  98  8:45  Stalker x2  
  102  8:55  Immortal (Chrono Boost)  
  106  8:58  Pylon, Probe  
  107  9:05  Probe  
  107  9:06  Sentry  
  110  9:10  Stalker  
  110  9:12  Assimilator, Probe  
  110  9:16  Gateway  
  113  9:18  Gateway  
  113  9:19  Adept  
  115  9:25  Observer  
  115  9:27  Stalker x2  
  120  9:32  Adept  
  120  9:34  Stalker  
  120  9:37  Pylon  
  124  9:38  Pylon  
  124  9:42  Stalker  
  124  9:45  Assimilator  
  126  9:56  Stalker x4  
  126  9:59  Stalker  
  134  10:17  Stalker x3  
  134  10:20  Stalker x2  
  134  10:21  Stalker  
Show
View Real Time Build Order
Export as new Build Order

Scarlett Zerg 

Build Orders: Pool First 

Get SALT Encoding   

  12  0:00  Drone  
  13  0:12  Overlord  
  13  0:16  Drone  
  14  0:31  Drone x2  
  14  0:35  Drone  
  17  0:55  Drone  
  18  0:57  Spawning Pool  
  17  1:08  Drone  
  18  1:16  Hatchery  
  18  1:17  Drone  
  18  1:36  Hatchery  
  17  1:44  Zergling x4  
  19  1:50  Extractor  
  19  1:52  Queen  
  20  1:58  Overlord  
  20  2:02  Drone  
  20  2:06  Drone  
  22  2:20  Drone  
  23  2:28  Queen  
  26  2:32  Hatchery  
  25  2:40  Drone  
  26  2:44  Overlord  
  26  2:53  Zergling x2  
  26  2:54  Queen  
  29  2:58  Metabolic Boost  
  29  3:05  Drone x3  
  31  3:12  Zergling x4  
  34  3:13  Zergling x2  
  35  3:23  Drone x3  
  38  3:36  Drone x4  
  39  3:43  Drone  
  39  3:44  Drone  
  36  3:57  Drone x4  
  37  4:05  Drone x2  
  38  4:11  Spore Crawler  
  38  4:13  Drone x2  
  35  4:21  Drone  
  34  4:25  Drone  
  34  4:29  Drone  
  36  4:33  Drone x2  
  36  4:36  Spore Crawler  
  37  4:40  Drone x2  
  37  4:45  Drone x2  
  31  4:53  Drone x2  
  31  4:54  Drone  
  31  4:56  Drone  
  35  5:02  Drone x3  
  38  5:08  Queen  
  38  5:12  Drone  
  38  5:13  Drone  
  42  5:17  Drone x2  
  44  5:22  Drone x2  
  44  5:28  Roach Warren  
  45  5:30  Drone  
  45  5:31  Drone  
  47  5:38  Queen  
  49  5:48  Drone x2  
  49  5:50  Overlord x2  
  49  5:59  Drone, Spore Crawler  
  49  6:09  Roach x6  
  61  6:11  Drone  
  61  6:12  Drone  
  61  6:13  Drone  
  61  6:15  Drone  
  61  6:18  Overlord  
  65  6:21  Drone  
  66  6:26  Overlord x2  
  66  6:34  Overlord  
  66  6:37  Roach x4  
  74  6:42  Overlord  
  74  6:46  Roach x3  
  74  6:47  Zergling x2  
  81  6:56  Roach, Zergling x10  
  81  6:57  Zergling x2  
  84  7:01  Roach  
  84  7:02  Zergling x4  
  86  7:12  Roach, Zergling x8  
  92  7:16  Queen  
  92  7:19  Drone x2  
  94  7:23  Extractor  
  94  7:25  Extractor  
  94  7:26  Queen  
  94  7:30  Drone x4  
  94  7:31  Drone x2  
  94  7:34  Drone  
  76  7:51  Drone x5  
  77  7:59  Evolution Chamber  
  77  8:01  Drone x4  
  80  8:07  Drone x3  
  82  8:16  Drone x2  
  82  8:20  Drone  
  79  8:28  Drone x5  
  80  8:34  Drone x5  
  80  8:36  Drone x2  
  80  8:37  Drone  
  80  8:41  Drone  
  89  8:43  Drone  
  90  8:48  Drone  
  90  8:53  Lair  
  90  8:55  Evolution Chamber, Extractor  
  89  8:58  Overlord  
  89  8:59  Drone x2  
  89  9:01  Drone  
  89  9:02  Drone x2  
  94  9:05  Extractor x2  
  94  9:09  Roach x7  
  105  9:16  Overlord x3  
  105  9:32  Drone x3, Hatchery  
  105  9:34  Overlord x2  
  107  9:50  Roach x10  
  107  9:51  Ravager x3  
  130  9:56  Roach  
  130  9:59  Roach x3  
  138  10:02  Overlord  
  138  10:03  Zergling x6  
  138  10:06  Roach  
Tags
 
Add a new tag
Caveats
  • Supply blocks, unpowered buildings, or Contaminate may cause inaccurate times.
  • Supply counts are checked every 10 seconds.